 Dungeon Crawl Stone Soup version 0.26-a0-1181-gd376ed14c5 (webtiles) character file.

Game seed: 17301420951815671364

78745 raph the Peltast (level 15, -27/126 HPs)
             Began as a Hill Orc Fighter on Dec 25, 2020.
             Was the Champion of Beogh.
             Killed from afar by Nikola (29 damage)
             ... with a chain lightning
             ... on level 1 of the Swamp on Dec 26, 2020.
             The game lasted 01:13:55 (26772 turns).

raph the Peltast (Hill Orc Fighter)                Turns: 26772, Time: 01:13:55

Health: -27/126    AC: 31    Str: 30    XL:     15   Next: 61%
Magic:  20/22      EV: 13    Int: 16    God:    Beogh [******]
Gold:   2433       SH: 37    Dex: 22    Spells: 14/14 levels left

rFire    + . .     SeeInvis +   a - +9 broad axe (freeze)
rCold    . . .     Faith    .   q - +8 tower shield
rNeg     . . .     Spirit   .   k - +9 chain mail of Amorality {Dex+2}
rPois    +         Reflect  +   e - +2 helmet
rElec    .         Harm     .   b - +2 cloak
rCorr    .         Rampage  .   h - +2 pair of gloves
Will     +....                  n - +0 pair of boots of Resonance {rF+ Int+6}
Stlth    ..........             t - amulet of reflection
HPRegen  0.31/turn              P - ring "Ziklyg" {rPois Str+3 Int+2}
MPRegen  0.18/turn              E - ring of Isops {Str+6 Dex+5 SInv}

@: recalling
A: walk on water
a: Renounce Religion, Smiting, Stop Recall, Give Item to Named Follower,
Resurrection


You were on level 1 of the Swamp.
You worshipped Beogh.
Beogh was exalted by your worship.
You visited 5 branches of the dungeon, and saw 24 of its levels.
You also visited: Ossuary and Bailey.

You collected 3493 gold pieces.
You spent 1060 gold pieces at shops.

Inventory:

Hand Weapons
 a - a +9 broad axe of freezing (weapon)
 O - the +8 longbow "Semimum" {vorpal, +Inv SInv, unknown}
   (You found it on level 2 of the Orcish Mines)

   Any arrow fired from it inflicts extra damage.
   It lets you see invisible.
   It lets you turn invisible.
 Q - a +4 war axe
 S - a +3 battleaxe of freezing
 V - a +0 broad axe
 X - a +1 trident of venom
Missiles
 w - 100 poisoned darts
Armour
 b - a +2 cloak (worn)
 e - a +2 helmet (worn)
 h - a +2 pair of gloves (worn)
 k - the +9 chain mail of Amorality (worn) {Dex+2}
   (You found it on level 15 of the Dungeon)

   It affects your dexterity (+2).
 n - the +0 pair of boots of Resonance (worn) {rF+ Int+6}
   (You found it on level 10 of the Dungeon)

   It affects your intelligence (+6).
   It protects you from fire.
 q - a +8 tower shield (worn)
 u - a +1 plate armour
Jewellery
 f - a +6 ring of dexterity
 t - an amulet of reflection (around neck)
 E - the ring of Isops (right hand) {Str+6 Dex+5 SInv}
   (You found it on level 6 of the Dungeon)

   [ring of strength]

   It affects your strength (+6).
   It affects your dexterity (+5).
   It lets you see invisible.
 P - the ring "Ziklyg" (left hand) {rPois Str+3 Int+2}
   (You found it on level 2 of the Orcish Mines)

   [ring of poison resistance]

   It affects your strength (+3).
   It affects your intelligence (+2).
   It protects you from poison.
Wands
 d - a wand of polymorph (15)
 v - a wand of iceblast (11)
 x - a wand of flame (41) (quivered)
 M - a wand of digging (8)
 U - a wand of acid (2)
Scrolls
 i - 6 scrolls of fear
 m - 8 scrolls of teleportation
 o - 13 scrolls of remove curse
 p - a scroll of summoning
 r - 6 scrolls of blinking
 D - 3 scrolls of enchant weapon
 F - a scroll of holy word
 H - 3 scrolls of fog
 K - 2 scrolls of magic mapping
 R - 2 scrolls of identify
Potions
 c - 2 potions of flight
 j - 18 potions of curing
 l - 4 potions of brilliance
 s - 5 potions of cancellation
 z - a potion of might
 A - 7 potions of heal wounds
 B - 5 potions of mutation
 C - a potion of invisibility
 G - 5 potions of ambrosia
 I - 3 potions of haste
 J - 2 potions of resistance
 L - 4 potions of berserk rage
Miscellaneous
 W - a phantom mirror


   Skills:
 - Level 10.0 Fighting
 + Level 17.9 Axes
 - Level 9.2 Armour
 - Level 6.5 Dodging
 * Level 18.1 Shields
 - Level 10.0 Invocations


You had 14 spell levels left.
You didn't know any spells.
Your spell library contained the following spells:

 Spells                   Type           Power        Failure   Level
 Corona                   Hex            0%           94%         1
 Freeze                   Ice            0%           94%         1
 Magic Dart               Conj           0%           94%         1
 Ensorcelled Hibernation  Hex/Ice        0%           98%         2
 Poisonous Vapours        Pois/Air       0%           98%         2
 Searing Ray              Conj           0%           98%         2
 Confusing Touch          Hex            0%           100%        3
 Conjure Flame            Conj/Fire      0%           100%        3
 Dazzling Flash           Conj/Hex       0%           100%        3
 Frozen Ramparts          Ice            0%           100%        3
 Mephitic Cloud           Conj/Pois/Air  0%           100%        3
 Ozocubu's Armour         Ice            0%           100%        3
 Tukima's Dance           Hex            0%           100%        3
 Animate Dead             Necr           0%           100%        4
 Fulminant Prism          Conj/Hex       0%           100%        4
 Hailstorm                Conj/Ice       0%           100%        4
 Iskenderun's Mystic Bla  Conj/Tloc      0%           100%        4
 Leda's Liquefaction      Hex/Erth       0%           100%        4
 Summon Ice Beast         Ice/Summ       0%           100%        4
 Bolt of Magma            Conj/Fire/Erth 0%           100%        5
 Borgnjor's Vile Clutch   Necr/Erth      0%           100%        5
 Death Channel            Necr           0%           100%        6
 Freezing Cloud           Conj/Ice/Air   0%           100%        6
 Iron Shot                Conj/Erth      0%           100%        6
 Simulacrum               Ice/Necr       0%           100%        6
 Statue Form              Tmut/Erth      0%           100%        6
 Shatter                  Erth           0%           100%        9


Dungeon Overview and Level Annotations

Branches:
Dungeon (15/15)            Temple (1/1) D:6            Lair (5/6) D:10
  Swamp (1/4) Lair:2        Snake (0/4) Lair:2        Slime (0/5) Lair:5
    Orc (2/2) D:12            Elf (0/3) Orc:2        Vaults (0/5) D:14
 Depths (0/5) D:15        Ossuary (visited)          Bailey (visited)

Altars:
Ashenzari
Cheibriados
Dithmenos
Elyvilon
Fedhas
Gozag
Hepliaklqana
Kikubaaqudgha
Makhleb
Nemelex Xobeh
Okawaru
Qazlal
Ru
Sif Muna
Trog
Uskayaw
Vehumet
Wu Jian
Xom
Yredelemnul
Zin
The Shining One
Beogh
Jiyva

Shops:
D:4 (=}*   D:6 *   D:12 !   Orc:1 :   Orc:2 *[(:

Portals:
Trove: D:13 (give +3 storm dragon scales)

Annotations:
D:12 3 runed translucent doors
Lair:2 exclusion: 3 oklob plants
Lair:5 1 runed translucent door
Swamp:1 Nikola


Message History

Your orcs go into a battle-frenzy!
Your orc high priest hits Nikola with a cursed -3 halberd!!
You slash Nikola! You freeze Nikola.
Nikola is severely wounded.
Warbeogh is recalled.
Margrim is recalled.
Nikola splashes around in the water.
Urug hits Nikola with a +2 demon trident of venom!!
Nikola is poisoned.
Your orc knight roars a battlecry!
Your orc knights go into a battle-frenzy!
Oruk hits Nikola from afar with a +0 glaive!
Your orc knight barely misses Nikola.
Nikola mumbles some strange words.
You hear a mighty clap of thunder!
The lightning arc hits you!!
* * * LOW HITPOINT WARNING * * *
The lightning arc hits Oruk!!
The lightning arc hits you!
* * * LOW HITPOINT WARNING * * *
The lightning arc hits Urug!!
The lightning arc hits you!!
You die...

≈.......≈≈....##.≈.....
.≈≈............#....≈≈..
.≈≈..≈......§.≈≈...≈≈...
≈≈.≈.≈.≈.......≈≈..≈≈.≈≈
.≈≈≈≈....≈≈.≈...≈≈≈≈≈..≈
.§.≈≈.....≈.≈..≈.......≈
..≈.≈..[.≈....≈.≈....≈..
.≈≈≈.oooo§≈....≈......≈†
...≈≈.@@o.).≈.....≈...≈≈
..≈≈≈.ooo.....≈....≈≈≈}.
.≈.≈....≈§....≈....≈..≈.
....≈..$.≈≈≈..≈..≈......
.≈≈.≈≈≈≈.†≈......≈.≈..§.
....≈.≈....≈..≈...≈....≈
.........≈...≈≈..≈.≈.≈..
...≈...≈≈.≈.....≈≈≈≈≈.≈♣
.≈..≈≈≈...≈.≈..≈..♣


You could see Nikola (fast, very poisoned), 2 friendly orc knights, the friendly
Margrim the orc knight (strong), the friendly Oruk the orc knight (strong), the
friendly Spirok the orc knight (strong), the friendly Warbeogh the orc knight
(strong), the friendly Urug (strong) and a friendly orc high priest (strong).

Vanquished Creatures
  Jorgrun (D:13)
  A stone giant (Orc:1)
  Nessos (Lair:5)
  A bunyip (Swamp:1)
  A fire dragon (D:15)
  An eleionoma (Swamp:1)
  2 boulder beetles
  Fannar (D:11)
  A hydra (D:13)
  Harold (D:7)
  4 vault guards (D:14)
  A centaur warrior (D:14)
  A catoblepas (D:13)
  4 alligators (Swamp:1)
  A death knight (D:11)
  A tengu warrior (D:13)
  5 two-headed ogres
  2 death yaks
  2 orc high priests (Orc:2)
  2 goliath frogs (Swamp:1)
  3 unseen horrors (D:15)
  2 orc sorcerers (Orc:2)
  3 orc knights
  2 ugly things
  A cyclops (D:14)
  A wolf spider (D:9)
  2 manticores
  A will-o-the-wisp (Swamp:1)
  2 black mambas
  A cane toad (Lair:3)
  2 komodo dragons
  A freezing wraith (D:9)
  3 yaktaurs (D:15)
  6 trolls
  A bloated husk (Swamp:1)
  5 slime creatures
  A polar bear (Lair:4)
  A tyrant leech (Swamp:1)
  Prince Ribbit (D:7)
  Sigmund (D:4)
  A shadow (D:12)
  7 wraiths
  21 yaks
  6 vampire mosquitoes
  3 wargs
  2 steam dragons (D:8)
  3 swamp worms (Swamp:1)
  5 water moccasins
  Duvessa (D:7)
  2 phantoms
  A sky beast (D:8)
  3 ice beasts
  15 orc warriors
  A black bear (Lair:2)
  A necrophage (D:10)
  10 centaurs
  13 ogres
  A big kobold (D:7)
  15 bullfrogs
  A gnoll sergeant (D:9)
  Dowan (D:7)
  4 scorpions
  2 troll zombies (D:12)
  17 killer bees
  3 howler monkeys
  7 wights
  2 centaur zombies
  3 bullfrog zombies
  A quasit (D:11)
  A human zombie (Ossuary)
  10 jellies
  4 centaur skeletons
  11 orc priests
  3 bullfrog skeletons
  6 hounds
  Ijyb (D:4)
  7 worker ants
  Terence (D:3)
  8 orc wizards
  A hell rat (Lair:4)
  6 ogre zombies (D:12)
  3 hound zombies
  5 mummies (Ossuary)
  A hound skeleton (D:4)
  14 gnolls
  A howler monkey skeleton (D:4)
  14 adders
  2 shadow imps
  3 white imps
  2 ufetubi (D:5)
  2 oozes
  An adder zombie (D:8)
  An adder skeleton (D:5)
  3 worms
  7 dart slugs
  A leopard gecko (D:2)
  36 orcs
  2 ball pythons
  4 giant cockroaches
  2 gnoll zombies (Ossuary)
  18 goblins
  11 hobgoblins
  20 jackals
  20 kobolds
  4 quokkas
  6 bats
  4 frilled lizards
  A goblin skeleton (D:12)
  A goblin zombie (D:12)
  2 hobgoblin zombies (D:12)
  A kobold zombie (Ossuary)
  4 orc skeletons (D:12)
  20 orc zombies
  2 quokka skeletons
  A quokka zombie (D:5)
  8 rats
  A rat zombie (D:8)
513 creatures vanquished.

Vanquished Creatures (collateral kills)
  3 orc warlords
  A stone giant (D:9)
  An ice dragon (D:15)
  4 vault guards (D:14)
  2 hydras (Lair:5)
  Erica (D:11)
  3 two-headed ogres
  5 death yaks
  2 tengu warriors (D:15)
  An orc high priest (Orc:2)
  Sonja (Lair:1)
  6 orc knights
  A phantasmal warrior (D:11)
  A harpy (shapeshifter) (D:14)
  2 oklob plants (Lair:2)
  An ugly thing (D:11)
  2 cyclopes
  A centaur zombie (D:13)
  Maurice (D:11)
  4 black mambas
  4 elephants (Lair:3)
  A cane toad (shapeshifter) (D:11)
  9 cane toads
  2 rime drakes (Lair:3)
  3 komodo dragons
  A freezing wraith (D:11)
  2 tengu conjurers (D:15)
  2 trolls (Orc:2)
  2 polar bears
  A queen bee (Lair:1)
  7 slime creatures
  5 dream sheep (Lair:5)
  2 wyverns
  A shadow (D:15)
  A wraith (D:11)
  17 yaks
  5 basilisks
  2 steam dragons
  2 wargs
  A soldier ant (D:15)
  3 water moccasins
  8 orc warriors
  An eye of draining (D:11)
  4 sky beasts
  3 ogres (Orc:2)
  A phantom (D:11)
  3 centaurs
  3 big kobolds
  12 bullfrogs
  2 scorpions
  16 killer bees (Lair:1)
  5 wights (D:13)
  A howler monkey (D:10)
  A hound (D:13)
  6 orc priests (Orc:2)
  A bullfrog skeleton (D:11)
  3 centaur skeletons
  6 hell rats (Lair:4)
  A hound skeleton (D:11)
  A howler monkey zombie (D:9)
  An adder (D:11)
  19 orcs
  A jackal (D:10)
  2 quokkas (D:10)
  2 kobolds
219 creatures vanquished.

Vanquished Creatures (others)
  An alligator (Swamp:1)
  An orc knight (Orc:2)
  2 orc sorcerers
  10 orc warriors
  12 orc priests
  8 orc wizards
  46 orcs
  A goblin (D:4)
  A quokka (D:4)
  6 foxfires (Swamp:1)
  34 fungi
  42 plants
  12 toadstools (Lair:2)
176 creatures vanquished.

Grand Total: 908 creatures vanquished

Notes
Turn   | Place    | Note
-------+----------+-------------------------------------------
     0 | D:1      | raph the Hill Orc Fighter began the quest for the Orb.
     0 | D:1      | Reached XP level 1. HP: 19/19 MP: 1/1
    81 | D:1      | Reached XP level 2. HP: 22/26 MP: 2/2
   166 | D:1      | Reached XP level 3. HP: 20/31 MP: 3/3
   586 | D:1      | Reached skill level 5 in Axes
  1027 | D:2      | Reached XP level 4. HP: 39/39 MP: 4/4
  1578 | D:2      | Found a stormy altar of Qazlal.
  1584 | D:2      | Found a hazy altar of Hepliaklqana.
  1723 | D:2      | Reached XP level 5. HP: 43/45 MP: 5/5
  2521 | D:3      | Noticed Terence
  2530 | D:3      | Killed Terence
  2591 | D:3      | Reached XP level 6. HP: 37/51 MP: 6/6
  3088 | D:3      | Found an opulent altar of Gozag.
  3088 | D:3      | Found a basalt altar of Yredelemnul.
  3159 | D:4      | Found Igruvunn's Gadget Emporium.
  3164 | D:4      | Bought a wand of iceblast (5) for 108 gold pieces
  3203 | D:4      | Found Werut's Assorted Antiques.
  3347 | D:4      | Found Yre Hum's Jewellery Shop.
  3395 | D:4      | Found a snail-covered altar of Cheibriados.
  3404 | D:4      | Noticed Ijyb
  3414 | D:4      | Killed Ijyb
  3659 | D:4      | Noticed Sigmund
  3670 | D:4      | Killed Sigmund
  3671 | D:4      | Reached skill level 10 in Axes
  3671 | D:4      | Reached XP level 7. HP: 52/57 MP: 7/7
  3711 | D:4      | Found a white marble altar of Elyvilon.
  3752 | D:4      | Found Peoff's Weapon Emporium.
  3848 | D:4      | Found a shadowy altar of Dithmenos.
  4072 | D:5      | Entered Level 5 of the Dungeon
  4460 | D:4      | Bought a large tourmaline ring for 95 gold pieces
  4607 | D:5      | Found a shimmering altar of Xom.
  4834 | D:6      | Found a hide-covered altar of Uskayaw.
  4847 | D:6      | Reached XP level 8. HP: 61/64 MP: 8/8
  4912 | D:6      | Found Plog's Assorted Antiques.
  4913 | D:6      | Got a heavily runed tin ring
  4928 | D:6      | Identified the ring of Isops {Str+6 Dex+5 SInv} (You found
                  | it on level 6 of the Dungeon)
  4933 | D:6      | Bought a scroll of identify for 60 gold pieces
  4971 | D:6      | Found a staircase to the Ecumenical Temple.
  5014 | Temple   | Entered the Ecumenical Temple
  5356 | D:6      | Became a worshipper of Beogh the Brigand
  5653 | D:7      | Noticed Prince Ribbit
  5677 | D:7      | Killed Prince Ribbit
  5801 | D:7      | Noticed Duvessa
  5802 | D:7      | Noticed Dowan
  5808 | D:7      | Killed Duvessa
  5809 | D:7      | Reached XP level 9. HP: 70/70 MP: 9/9
  5812 | D:7      | Killed Dowan
  6290 | D:7      | Reached * piety under Beogh
  6402 | D:7      | Reached skill level 15 in Axes
  6840 | D:4      | Bought a potion of curing for 57 gold pieces
  6895 | D:7      | Noticed Harold
  6920 | D:7      | Killed Harold
  6921 | D:7      | Reached skill level 1 in Invocations
  6972 | D:7      | Reached skill level 4 in Shields
  7231 | D:7      | Reached skill level 1 in Dodging
  7260 | D:7      | Reached XP level 10. HP: 75/80 MP: 11/11
  7385 | D:7      | Found a glowing silver altar of Zin.
  7601 | D:7      | Found the +5 scythe "Finisher" {speed, eviscerate}
  7970 | D:8      | Reached skill level 5 in Shields
  8133 | D:8      | Found a sand-covered staircase.
  8147 | Ossuary  | Entered an ossuary
  8331 | Ossuary  | Reached skill level 5 in Fighting
  8915 | D:6      | Bought a scroll of enchant weapon for 225 gold pieces
  8989 | D:9      | Reached skill level 6 in Shields
  9050 | D:9      | Found an ancient bone altar of Kikubaaqudgha.
  9059 | D:9      | Found a radiant altar of Vehumet.
  9073 | D:9      | Found a shimmering blue altar of Sif Muna.
  9240 | D:9      | Reached ** piety under Beogh
  9253 | D:9      | Reached skill level 5 in Armour
  9257 | D:9      | Found a large runed translucent door.
  9258 | D:9      | Found a large runed translucent door.
  9498 | D:9      | Found a flagged portal.
  9510 | Bailey   | Entered a bailey
  9723 | Bailey   | Reached *** piety under Beogh
 10170 | Bailey   | Noticed an orc knight
 10171 | Bailey   | Noticed an orc knight
 10185 | Bailey   | Killed an orc knight
 10186 | Bailey   | Reached skill level 7 in Shields
 10707 | Bailey   | Noticed an orc knight
 10707 | Bailey   | Noticed an orc knight
 10713 | Bailey   | Noticed an orc knight
 10715 | Bailey   | Noticed an orc knight
 10717 | Bailey   | Killed an orc knight
 10718 | Bailey   | Reached skill level 5 in Invocations
 10718 | Bailey   | Reached XP level 11. HP: 61/89 MP: 14/14
 10720 | Bailey   | Killed an orc knight
 10723 | Bailey   | Killed an orc knight
 11277 | D:9      | Found a burning altar of Makhleb.
 11384 | D:9      | Found a blossoming altar of Fedhas.
 11559 | D:9      | Found a sparkling altar of Nemelex Xobeh.
 11559 | D:9      | Noticed a wolf spider
 11567 | D:9      | Killed a wolf spider
 11569 | D:9      | Killed a stone giant
 11570 | D:9      | Reached skill level 8 in Shields
 11843 | D:9      | Found a hazy altar of Hepliaklqana.
 11871 | D:10     | Entered Level 10 of the Dungeon
 11966 | D:10     | Noticed a two-headed ogre
 11971 | D:10     | Killed a two-headed ogre
 12035 | D:10     | Got a pair of heavily runed boots
 12041 | D:10     | Identified the +0 pair of boots of Resonance {rF+ Int+6}
                  | (You found it on level 10 of the Dungeon)
 12232 | D:10     | Found a staircase to the Lair.
 12260 | D:10     | Noticed Urug
 12599 | Lair:1   | Entered Level 1 of the Lair of Beasts
 12613 | Lair:1   | Noticed Sonja
 12623 | Lair:1   | Killed Sonja
 12831 | Lair:1   | Reached **** piety under Beogh
 13209 | Lair:1   | Reached skill level 9 in Shields
 13642 | Lair:2   | Found a staircase to the Snake Pit.
 13647 | Lair:2   | Reached XP level 12. HP: 101/101 MP: 14/17
 13928 | Lair:2   | Found a blossoming altar of Fedhas.
 14745 | Lair:2   | Found a staircase to the Swamp.
 15240 | Lair:3   | Reached skill level 5 in Dodging
 15240 | Lair:3   | Reached skill level 10 in Shields
 15368 | Lair:3   | Reached ***** piety under Beogh
 16062 | Lair:4   | Gained Warbeogh as an ally
 16170 | Lair:4   | Reached skill level 11 in Shields
 16526 | Lair:4   | Noticed a death yak
 16528 | Lair:4   | Noticed a death yak
 16528 | Lair:4   | Noticed a death yak
 16530 | Lair:4   | Noticed a death yak
 16533 | Lair:4   | Killed a death yak
 16534 | Lair:4   | Killed a death yak
 16535 | Lair:4   | Killed a death yak
 16537 | Lair:4   | Killed a death yak
 16538 | Lair:4   | Reached XP level 13. HP: 105/111 MP: 14/19
 16683 | Lair:5   | Noticed Nessos
 16691 | Lair:5   | Killed Nessos
 17532 | Lair:5   | Found a runed translucent door.
 17532 | Lair:5   | Found a viscous altar of Jiyva.
 17540 | Lair:5   | Found a staircase to the Slime Pits.
 17932 | D:6      | Bought a scroll labelled HUMPIORHIN for 30 gold pieces
 17932 | D:6      | Bought a scroll of blinking for 225 gold pieces
 17932 | D:6      | Bought a glowing fluorescent wand for 120 gold pieces
 18175 | D:11     | Reached skill level 12 in Shields
 18179 | D:11     | Gained Oruk as an ally
 18676 | D:11     | Reached skill level 10 in Invocations
 18747 | D:11     | Reached skill level 10 in Fighting
 18943 | D:11     | Noticed Erica
 18947 | D:11     | Killed Erica
 18948 | D:11     | Noticed Maurice
 18954 | D:11     | Killed Maurice
 19074 | D:11     | Noticed Fannar
 19081 | D:11     | Killed Fannar
 19521 | D:12     | Reached ****** piety under Beogh
 19526 | D:12     | Found a staircase to the Orcish Mines.
 19538 | D:12     | Reached skill level 13 in Shields
 19654 | D:12     | Identified a scroll of acquirement
 19654 | D:12     | Acquired 839 gold pieces
 19823 | D:12     | Found Uffex's Distillery.
 19826 | D:12     | Bought a potion of might for 40 gold pieces
 19826 | D:12     | Bought a potion of haste for 100 gold pieces
 19972 | D:12     | Found a runed translucent gate.
 20065 | D:12     | Found a blossoming altar of Fedhas.
 20182 | D:12     | Found a runed translucent gate.
 20182 | D:12     | Found a runed translucent gate.
 20182 | D:12     | Noticed a cyan very ugly thing
 20182 | D:12     | Noticed a brown very ugly thing
 20340 | Orc:1    | Entered Level 1 of the Orcish Mines
 20340 | Orc:1    | Found Konirghif's Book Shop.
 20421 | Orc:1    | Gained Spirok as an ally
 20430 | Orc:1    | Noticed an orc warlord
 20438 | Orc:1    | Killed an orc warlord
 20439 | Orc:1    | Reached skill level 14 in Shields
 20439 | Orc:1    | Reached XP level 14. HP: 121/121 MP: 18/21
 20445 | Orc:1    | Found a roughly hewn altar of Beogh.
 20910 | Orc:2    | Entered Level 2 of the Orcish Mines
 21159 | Orc:2    | Got a crystal longbow
 21275 | Orc:2    | Found a staircase to the Elven Halls.
 21334 | Orc:2    | Got a transparent copper ring
 21336 | Orc:2    | Identified the ring "Ziklyg" {rPois Str+3 Int+2} (You found
                  | it on level 2 of the Orcish Mines)
 21572 | Orc:2    | Noticed an orc warlord
 21573 | Orc:2    | Found a roughly hewn altar of Beogh.
 21580 | Orc:2    | Killed an orc warlord
 21580 | Orc:2    | Gained Marbaugh as an ally
 21664 | Orc:2    | Found Xeeryip's Book Shoppe.
 21816 | Orc:2    | Found Zyribb's Antique Weapon Boutique.
 21831 | Orc:2    | Reached skill level 15 in Shields
 21998 | Orc:2    | Found Nuyzal's Antique Armour Shoppe.
 22022 | Orc:2    | Found Quedghes's General Store.
 22103 | Orc:2    | Found a roughly hewn altar of Beogh.
 22132 | Orc:2    | Gained Grimold as an ally
 22883 | Orc:1    | Noticed an orc warlord
 22888 | Orc:1    | Noticed a stone giant
 22894 | Orc:1    | Gained Wargrak as an ally
 22902 | Orc:1    | Killed a stone giant
 22903 | Orc:1    | Killed an orc warlord
 23877 | D:13     | Reached skill level 16 in Shields
 24010 | D:13     | Found a portal to a secret trove of treasure.
 24064 | D:13     | Noticed Jorgrun
 24073 | D:13     | Killed Jorgrun
 24078 | D:13     | Your ally Wargrak died
 24214 | D:13     | Gained Bogward as an ally
 24577 | D:14     | Found a gate to the Vaults.
 24598 | D:14     | Reached XP level 15. HP: 106/126 MP: 22/22
 24608 | D:14     | Reached skill level 17 in Shields
 24727 | D:14     | Found a white marble altar of Elyvilon.
 24993 | D:14     | Gained Koronagh as an ally
 25332 | D:15     | Entered Level 15 of the Dungeon
 25691 | D:15     | Got a smoking chain mail
 25702 | D:15     | Identified the +9 chain mail of Amorality {Dex+2} (You
                  | found it on level 15 of the Dungeon)
 25920 | D:15     | Gained Margrim as an ally
 26065 | D:15     | Found a staircase to the Depths.
 26429 | Swamp:1  | Entered Level 1 of the Swamp
 26629 | Swamp:1  | Reached skill level 18 in Shields
 26746 | Swamp:1  | Noticed Nikola
 26750 | Swamp:1  | Gained Brandogh as an ally
 26751 | Swamp:1  | Your ally Brandogh died
 26772 | Swamp:1  | HP: 2/126 [Nikola/chain lightning (17)]
 26772 | Swamp:1  | Killed from afar by Nikola

Illustrated notes

Levels and vault maps discovered:
D:1:      minmay_arrival_plants_in_alcoves, layout_loops_ring,
          hangedman_decor_riveting
D:2:      minmay_evil_eye, layout_basic, old_standard_altar,
          grunt_qazlal_sundering
D:3:      layout_rooms, gammafunk_temple_overflow_elements, uniq_terence
D:4:      kennysheep_the_goblin_king, layout_basic, cheibriados_altar_1,
          grunt_dithmenos_shadows, serial_shops, nicolae_shop_window_shopping,
          shop_fountains, kennysheep_little_box, nicolae_shop_behind_doors,
          elyvilon_altar_4, uniq_ijyb, uniq_sigmund
D:5:      layout_rooms, tgw_xom
D:6:      layout_cave_pools, eat_drink_and_be_merry_uskayaw,
          minmay_temple_entry_sparse_star, serial_shops, nicolae_shop_stone
D:7:      layout_loops_ring, zin_treasury, minmay_guarded_unrand_finisher,
          uniq_prince_ribbit1, uniq_duvessa, uniq_harold
D:8:      cheibrodos_steamvent, layout_basic, enter_ossuary_3
D:9:      layout_rooms, palyth_temple_overflow_mages,
          nicolae_overflow_hidden_temple, lightli_bailey_entry_fortress,
          basic_altar, jmf_multi_god_temple2
D:10:     layout_roguey, grunt_lair_entry_orc_guard_hut, uniq_urug
D:11:     layout_irregular_city, minmay_misc_feat_doors, lemuel_flame_loot_1,
          uniq_erica, uniq_maurice, uniq_fannar
D:12:     layout_loops_corners, zombieorc2_lemuel, serial_shops,
          nicolae_shop_behind_doors, basic_altar,
          ploomutoo_gammafunk_ghost_potion_laboratory
D:13:     layout_cave_pools, trove_entry_hex_spiral, small_statue_intersection,
          uniq_jorgrun
D:14:     layout_loops_ring, erik_vaults_2, minmay_misc_feat_x, basic_altar
D:15:     grunt_enter_depths_hoard, layout_rooms, grunt_decor_clamped
Temple:   nicolae_temple_figure_zero
Lair:1:   layout_hall_layers, special_room [special_room_bee], uniq_sonja
Lair:2:   layout_hall_layers, swamp_mist_pool, dummy_snake_entry, tgw_fedhas,
          grunt_megastairs_2, minmay_lair_oklob_chamber
Lair:3:   layout_long_grid
Lair:4:   layout_concentric_octagons
Lair:5:   layout_cave_pods, slime_altar_2, uniq_nessos
Swamp:1:  layout_basic_swamp, evilmike_swamp_ruin_wall, uniq_nikola
Orc:1:    layout_caves, serial_shops, nicolae_shop_window_shopping, special_room
          [special_room_orc]
Orc:2:    pubby_orc_utopia

Skill      XL: |  1  2  3  4  5  6  7  8  9 10 11 12 13 14 15 |
---------------+----------------------------------------------+-----
Axes           | 3 4 5 6 8 10 11 14 16 17 | 17.9
Invocations    | 2 5 7 9 10 | 10.0
Fighting       | 4 6 7 9 10 | 10.0
Shields        | 4 7 9 11 14 16 18 | 18.1
Dodging        | 1 3 4 5 6 |  6.5
Armour         | 5 7 8 9 |  9.2

Action                   |  1- 3 |  4- 6 |  7- 9 | 10-12 | 13-15 || total
-------------------------+-------+-------+-------+-------+-------++-------
Melee: War axe           |    79 |   228 |    76 |       |       ||   383
       Broad axe         |       |       |   179 |   450 |   544 ||  1173
       Unarmed           |       |       |       |       |     1 ||     1
Throw: Dart              |       |       |     5 |       |       ||     5
Invok: Convert to Beogh  |       |       |     1 |       |       ||     1
       Smiting           |       |       |       |     2 |     5 ||     7
       Recall Orcish Fol |       |       |       |     2 |     4 ||     6
       Give Item to Name |       |       |       |     1 |     3 ||     4
Evoke: Wand              |       |       |     3 |    10 |     8 ||    21
  Use: Scroll            |       |     9 |    11 |    31 |     9 ||    60
       Potion            |       |     2 |     4 |     2 |     2 ||    10
 Stab: Distracted        |       |       |     1 |     1 |     8 ||    10
Armor: Scale mail        |    24 |    60 |       |       |       ||    84
       Plate armour      |       |    23 |   122 |   129 |    85 ||   359
       Chain mail        |       |       |       |       |    23 ||    23
Dodge: Dodged            |    26 |    68 |    27 |    69 |    59 ||   249
Block: Kite shield       |    46 |   123 |   191 |   110 |       ||   470
       Reflection        |       |       |    10 |    11 |    43 ||    64
       Tower shield      |       |       |       |   425 |   670 ||  1095

Table legend: (Time is in decaauts)
 A = Elapsed time spent in this place.
 B = Non-inter-level travel time spent in this place.
 C = Inter-level travel time spent in this place.
 D = Time resting spent in this place.
 E = Time spent auto-exploring this place.
 F = Levels seen in this place.
 G = Mean time per level.
                   A        B        C        D        E       F      G
               +--------+--------+--------+--------+--------+-----+--------+
         Total |  26879 |  25568 |   1311 |   9455 |  10402 |  26 | 1033.8 |
       Dungeon |  15959 |  14983 |    976 |   5073 |   6315 |  15 | 1063.9 |
        Temple |    117 |    108 |      9 |      0 |    107 |   1 |  117.0 |
          Lair |   5312 |   5070 |    242 |   1377 |   2860 |   5 | 1062.4 |
         Swamp |    335 |    335 |      0 |     76 |    131 |   1 |  335.0 |
  Orcish Mines |   3141 |   3058 |     83 |   1396 |    924 |   2 | 1570.5 |
       Ossuary |    481 |    481 |      0 |    264 |     49 |   1 |  481.0 |
        Bailey |   1532 |   1532 |      0 |   1269 |     16 |   1 | 1532.0 |
               +--------+--------+--------+--------+--------+-----+--------+

Top non-repeatable levels by time:
   Orc:2: 1992 daAuts
     D:7: 1941 daAuts
  Lair:2: 1649 daAuts
  Bailey: 1532 daAuts
     D:9: 1420 daAuts
    D:11: 1381 daAuts
     D:6: 1152 daAuts
   Orc:1: 1148 daAuts
     D:2: 1096 daAuts
  Lair:5: 1096 daAuts
  Lair:1: 1087 daAuts
     D:3: 1052 daAuts
     D:1: 1040 daAuts
     D:4: 987 daAuts
    D:13: 975 daAuts
